Map: Amygdala

Players

GITpwned - Winner!

  • Race: Zerg Zerg
  • Spawn Location: 7:00

Squidlord

  • Race: Protoss Protoss
  • Spawn Location: 1:00

VOD

Have the link to the VOD?

Description

Time

  • Played on: Jan. 5, 2025, 8:52 p.m.
  • Length: 18:34
Show
View Real Time Build Order
Export as new Build Order

GITpwned Zerg - Winner!

Build Orders: Hatch First, Lurkers 

Get SALT Encoding   

  12  0:00  Drone  
  13  0:08  Drone  
  14  0:15  Drone, Extractor  
  15  0:36  Hatchery  
  14  0:48  Overlord, Drone, Extractor  
  15  1:06  Drone x2  
  17  1:13  Drone  
  18  1:19  Spawning Pool  
  18  1:24  Drone  
  18  1:31  Drone  
  19  1:42  Drone  
  20  1:48  Extractor  
  20  1:53  Drone  
  21  2:01  Drone x2  
  21  2:03  Overlord  
  21  2:07  Queen  
  21  2:08  Queen  
  26  2:24  Drone x3  
  26  2:28  Drone  
  30  2:32  Zergling x2  
  31  2:38  Drone  
  31  2:43  Drone  
  33  2:53  Drone x2  
  33  2:58  Drone  
  36  3:04  Overlord  
  36  3:09  Overlord  
  36  3:18  Metabolic Boost  
  36  3:22  Queen x2  
  40  3:27  Drone x3  
  40  3:32  Extractor  
  42  3:35  Zergling x10  
  46  4:20  Drone  
  46  4:21  Drone x5  
  52  4:43  Lair  
  52  4:52  Evolution Chamber  
  52  4:56  Evolution Chamber  
  50  5:04  Roach Warren  
  49  5:32  Zergling x8  
  49  5:33  Zergling x4  
  50  5:44  Zerg Ground Armor Level 1  
  50  5:46  Zerg Missile Weapons Level 1  
  50  5:52  Hydralisk Den  
  50  5:55  Overseer  
  50  5:56  Overlord  
  50  5:57  Overlord x4  
  49  5:59  Queen  
  49  6:02  Pneumatized Carapace  
  51  6:30  Drone x7  
  58  6:35  Burrow  
  58  6:36  Extractor  
  58  6:37  Extractor  
  56  6:49  Grooved Spines  
  56  6:53  Zergling x2  
  56  6:54  Zergling x28  
  71  7:11  Infestation Pit  
  65  7:39  Muscular Augments  
  65  7:43  Zerg Missile Weapons Level 2  
  64  7:44  Zerg Ground Armor Level 2  
  64  8:02  Baneling Nest  
  63  8:50  Hydralisk x9  
  63  8:51  Hydralisk x4  
  81  9:13  Hatchery  
  74  9:42  Hydralisk x8  
  90  9:46  Overlord x4  
  90  10:01  Neural Parasite, Hive  
  90  10:51  Lurker Den  
  90  10:57  Drone x15  
  92  10:59  Queen  
  106  11:09  Hatchery  
  105  11:12  Queen  
  105  11:17  Zerg Missile Weapons Level 3  
  105  11:18  Zerg Ground Armor Level 3  
  107  11:22  Zergling x2  
  107  11:23  Zergling x10  
  113  11:50  Overseer x5  
  113  11:56  Lurker x4  
  117  12:51  Nydus Network  
  117  12:54  Nydus Network  
  115  13:00  Overlord x16  
  115  13:01  Nydus Network  
  115  13:02  Nydus Network  
  113  14:26  Zergling x36  
  113  14:27  Zergling x12  
  137  14:40  Adrenal Glands  
  137  14:44  Zerg Melee Weapons Level 1  
  137  14:48  Centrifugal Hooks  
  137  14:49  Seismic Spines  
  137  15:38  Lurker x9  
  137  15:40  Hydralisk x2  
  150  15:46  Adaptive Talons  
  150  15:52  Extractor  
  150  15:55  Unknown  
  149  15:57  Extractor  
  148  16:07  Hydralisk x5  
  158  17:15  Nydus Canal x2  
  158  17:17  Nydus Canal  
  158  17:18  Nydus Canal  
  158  17:30  Drone  
  158  17:32  Zergling x6  
  158  17:33  Zergling x16  
  167  17:50  Hydralisk x4  
  164  18:03  Nydus Canal  
  164  18:04  Nydus Canal  
  164  18:05  Nydus Canal  
  158  18:06  Nydus Canal  
Show
View Real Time Build Order
Export as new Build Order

Squidlord Protoss 

Build Orders:  

Get SALT Encoding   

  12  0:14  Pylon  
  12  0:23  Assimilator  
  12  0:25  Probe  
  13  0:39  Gateway  
  13  0:54  Pylon  
  13  1:16  Forge  
  13  1:28  Pylon  
  13  1:31  Zealot  
  15  1:58  Probe, Zealot  
  18  2:07  Pylon  
  18  2:10  Probe  
  19  2:22  Probe  
  20  2:25  Zealot  
  22  2:34  Probe  
  22  2:36  Pylon  
  23  2:52  Zealot  
  23  2:58  Photon Cannon  
  25  3:15  Cybernetics Core  
  25  3:19  Zealot  
  27  3:46  Zealot  
  29  3:51  Assimilator  
  21  4:38  Photon Cannon  
  21  4:46  Pylon  
  21  5:06  Photon Cannon  
  21  5:18  Photon Cannon  
  21  5:23  Adept  
  23  5:43  Photon Cannon  
  23  5:53  Adept  
  25  5:57  Twilight Council  
  25  6:08  Pylon  
  25  6:20  Stalker  
  25  6:25  Photon Cannon  
  27  6:35  Shield Battery  
  27  6:43  Probe  
  28  6:50  Sentry  
  30  7:00  Charge  
  30  7:13  Zealot  
  32  7:20  Robotics Facility  
  32  7:40  Sentry  
  34  7:59  Stargate  
  34  8:00  Stalker  
  36  8:30  Adept  
  38  8:36  Nexus  
  38  8:44  Phoenix  
  40  9:08  Immortal  
  48  9:15  Void Ray  
  48  9:28  Protoss Ground Weapons Level 1  
  42  10:59  Adept  
  42  11:01  Protoss Air Weapons Level 1  
  44  11:18  Pylon  
  44  11:26  Stalker  
  44  11:27  Probe  
  44  11:30  Protoss Ground Armor Level 1  
  47  11:39  Probe  
  48  11:45  Pylon  
  48  11:50  Pylon  
  48  11:56  Zealot  
  48  11:59  Pylon  
  50  12:15  Photon Cannon  
  50  12:20  Stalker  
  50  12:22  Photon Cannon  
  52  12:34  Assimilator  
  52  12:39  Fleet Beacon  
  52  12:50  Adept  
  52  12:51  Void Ray  
  58  13:01  Pylon  
  58  13:10  Protoss Air Armor Level 1  
  58  13:22  Pylon  
  58  13:27  Phoenix  
  58  13:31  Protoss Shields Level 1  
  58  13:33  Anion Pulse-Crystals  
  60  14:15  Dark Shrine  
  60  14:27  Tempest  
  64  14:38  Flux Vanes  
  64  15:01  Assimilator  
  64  15:10  Tempest  
  68  15:21  Protoss Air Weapons Level 2  
  68  15:33  Protoss Ground Weapons Level 2  
  68  15:41  Dark Templar  
  74  15:59  Void Ray  
  74  16:16  Robotics Bay  
  74  17:04  Gravitic Boosters  
Tags
 
Composition
Lurkers
Matchup
PvZ
Spawn Locations
Cross Positions
Add a new tag
Caveats
  • Supply blocks, unpowered buildings, or Contaminate may cause inaccurate times.
  • Supply counts are checked every 10 seconds.